Avalanche vs Canucks

Created - March 22, 2020 at 19:27

Goals
1 2 3 T
Avalanche 2 0 1 3
Canucks 1 0 0 1
Shots
1 2 3 T
Avalanche 11 9 6 26
Canucks 13 12 14 39

1st period

1. Canucks , Marc Savard 12 (Andy Rogers 14) at 6:48
2. Avalanche , Paul Stastny 21 (Bryan Little 42, Marc Staal 22) at 10:02
3. Avalanche , Andrew Ladd 7 (Charlie Coyle 12) at 11:35

Penalties :
Andrew Ladd (Col) for Tripping (Minor) at 2:01, James Van Riemsdyk (Col) for Holding (Minor) at 17:16

2nd period

No Goal

Penalties :
Bryan Little (Col) for High sticking (Minor) at 10:50

3rd period

4. Avalanche , James Van Riemsdyk 7 (Patric Hornqvist 21) at 7:19

Penalties :
Mattias Ekholm (Col) for Charging (Minor) at 12:55, Robert Nilsson (Van) for Holding Stick (Minor) at 17:30

Goalie Stats

Semyon Varlamov (Col), 38 saves from 39 shots - (0.974), W, 27-21-3, 60:00 minutes
Jacob Markstrom (Van), 23 saves from 26 shots - (0.885), L, 23-27-5, 60:00 minutes

Players Stats for Avalanche

Player Name              G  A  P  +/- PIM S  H  SB GA TA FO     MP     PP MP  PK MP  
------------------------------------------------------------------------------------
Andrew Ladd              1  0  1   0  2   4  1  0  0  0  1/1    14:31   0:12   3:38 
Brad Richardson          0  0  0   0  0   1  2  0  0  0  1/1    10:16   0:00   0:00 
Bryan Little             0  1  1   0  2   0  0  0  1  0  5/17   17:03   1:04   0:10 
Charlie Coyle            0  1  1   0  0   0  0  0  0  0  4/12   14:04   0:00   4:34 
Danny Richmond           0  0  0   2  0   1  3  0  0  1  0/0    20:20   0:58   3:06 
Darren Reid              0  0  0   0  0   2  1  0  0  1  0/0    13:15   0:00   2:41 
Dmitry Kulikov           0  0  0   1  0   0  2  3  0  0  0/0    20:08   0:00   3:06 
Erik Karlsson            0  0  0  -1  0   1  1  0  0  0  0/0    18:06   1:01   0:20 
Evgeny Dadonov           0  0  0   0  0   0  2  0  0  0  1/2    16:22   0:55   0:00 
Jack Johnson             0  0  0  -1  0   1  1  0  0  0  0/0    23:20   1:01   4:50 
James Van Riemsdyk       1  0  1   2  2   2  2  1  1  2  0/1    15:33   0:43   1:02 
Kyle Turris              0  0  0   0  0   1  1  0  1  0  7/9    13:31   0:00   3:05 
Marc Staal               0  1  1   1  0   2  1  0  0  1  0/0    22:31   0:58   3:59 
Matt Moulson             0  0  0   0  0   1  0  0  0  0  0/1    12:06   0:27   0:21 
Mattias Ekholm           0  0  0   2  2   2  0  3  0  0  0/0    15:43   0:00   0:31 
Mikkel Boedker           0  0  0   0  0   2  1  0  0  0  0/1    16:50   1:04   0:21 
Patric Hornqvist         0  1  1   2  0   3  5  1  0  0  0/0    14:17   0:49   0:00 
Paul Stastny             1  0  1   2  0   3  0  0  1  0  5/12   14:04   0:43   0:00 

Players Stats for Canucks

Player Name              G  A  P  +/- PIM S  H  SB GA TA FO     MP     PP MP  PK MP  
------------------------------------------------------------------------------------
Andrei Kostitsyn         0  0  0   0  0   1  0  0  0  0  0/3    19:59   4:32   0:46 
Andy Rogers              0  1  1   0  0   2  0  3  1  0  0/0    21:20   4:12   0:46 
Ben Lovejoy              0  0  0   0  0   2  0  0  1  0  0/0    21:20   4:12   0:46 
Brad Boyes               0  0  0   0  0   2  0  0  0  0  1/1    18:42   3:24   0:00 
Brandon Saad             0  0  0  -1  0   0  0  0  0  0  0/0     5:02   0:00   0:18 
Brandon Sutter           0  0  0  -1  0   2  2  0  0  0  4/6    16:03   0:00   0:54 
Drew Fata                0  0  0  -1  0   0  2  2  0  0  0/0    26:45   3:43   1:13 
Jack Skille              0  0  0   0  0   0  0  0  0  0  1/1     1:25   0:00   0:00 
Jamie McBain             0  0  0  -1  0   5  2  3  2  1  0/0    26:45   3:43   1:13 
Jason Zucker             0  0  0  -1  0   2  2  1  0  0  0/0    15:09   0:00   0:00 
Jeremy Morin             0  0  0  -1  0   5  1  1  0  0  1/1    16:04   0:00   0:51 
Jesper Fast              0  0  0  -1  0   0  0  0  0  0  0/0     4:44   0:00   0:00 
Jonathan Blum            0  0  0  -1  0   0  1  0  0  0  0/0    11:55   0:01   0:00 
Jordie Benn              0  0  0  -1  0   0  1  0  0  0  0/0    11:55   0:01   0:00 
Loui Eriksson            0  0  0   0  0   6  4  0  0  1  0/1    18:35   3:24   0:00 
Marc Savard              1  0  1   0  0   1  1  0  0  0  9/13   18:59   3:24   0:14 
Nick Palmieri            0  0  0   0  0   4  4  0  0  1  0/1    20:08   4:32   0:55 
Robert Nilsson           0  0  0  -1  2   7  1  1  1  1  17/30  23:10   4:32   0:00 

3 Stars

1 - Semyon Varlamov (Col)
2 - Patric Hornqvist (Col)
3 - Paul Stastny (Col)

Power Play

Avalanche - 0 on 1 Attempt(s) - 0.00%
Canucks - 0 on 4 Attempt(s) - 0.00%

Penalty Kill

Avalanche - 4 on 4 Attempt(s) - 100.00% - Score 0 goal in Penalty Kill
Canucks - 1 on 1 Attempt(s) - 100.00% - Score 0 goal in Penalty Kill

Team Stat

Avalanche - Hits : 23 - Faceoff Wins : 24 - Blocked Shots : 8 - Penalty Minutes : 8
Canucks - Hits : 21 - Faceoff Wins : 33 - Blocked Shots : 11 - Penalty Minutes : 2

Official

Referees : Unknown
Linesman : Unknown

Game Notes

Charlie Coyle is injured at 15:03 of 3rd period (Bruised Right Arm)

Finance

Level 1 -- Attendance: 5445 (90.75%) -- Ticket Income $451,935
Level 2 -- Attendance: 5000 (100.00%) -- Ticket Income $245,000
Level 3 -- Attendance: 1964 (98.20%) -- Ticket Income $66,776
Level 4 -- Attendance: 4000 (100.00%) -- Ticket Income $68,000
Luxury Box -- Attendance: 1000 (100.00%) -- Ticket Income $98,000
Game was played at the Budweiser Coliseum.
Total Attendance: 17409 (96.72%)
Total Ticket Income: $929,711
Other Income: $139,457
Total Income: $1,069,168

Avalanche

5 vs 5 Forward 
   Center                   Left Wing                Right Wing               Time % Phy DF OF 
 1 Bryan Little             Mikkel Boedker           Evgeny Dadonov           35     1   2  2  
 2 Paul Stastny             James Van Riemsdyk       Patric Hornqvist         30     1   2  2  
 3 Charlie Coyle            Andrew Ladd              Brad Richardson          20     1   2  2  
 4 Kyle Turris              Matt Moulson             Darren Reid              15     1   2  2  

5 vs 5 Defense 
   Defense                  Defense                                           Time % Phy DF OF 
 1 Jack Johnson             Erik Karlsson                                     35     1   2  2  
 2 Dmitry Kulikov           Marc Staal                                        35     1   2  2  
 3 Danny Richmond           Mattias Ekholm                                    30     1   2  2  
 4 Jack Johnson             Marc Staal                                        0      1   2  2  

PowerPlay Forward 
   Center                   Left Wing                Right Wing               Time % Phy DF OF 
 1 Bryan Little             Mikkel Boedker           Patric Hornqvist         60     1   2  2  
 2 Paul Stastny             James Van Riemsdyk       Evgeny Dadonov           40     1   2  2  

PowerPlay Defense
   Defense                  Defense                                           Time % Phy DF OF 
 1 Jack Johnson             Erik Karlsson                                     60     1   2  2  
 2 Danny Richmond           Marc Staal                                        40     1   2  2  

Penalty Kill 4 Players Forward 
   Center                   Wing                     Time % Phy DF OF 
 1 Charlie Coyle            Andrew Ladd              60     1   2  2  
 2 Kyle Turris              Darren Reid              40     1   2  2  

Penalty Kill 4 Players Defense
   Defense                  Defense                  Time % Phy DF OF 
 1 Jack Johnson             Marc Staal               60     1   2  2  
 2 Dmitry Kulikov           Danny Richmond           40     1   2  2  

Penalty Kill - 3 Players Forward 
   Forward                                           Time % Phy DF OF 
 1 Mikkel Boedker                                    60     1   2  2  
 2 Patric Hornqvist                                  40     1   2  2  

Penalty Kill - 3 Players Defense
   Defense                  Defense                  Time % Phy DF OF 
 1 Jack Johnson             Marc Staal               60     1   2  2  
 2 Erik Karlsson            Danny Richmond           40     1   2  2  

4 vs 4 Forward 
   Center                   Wing                     Time % Phy DF OF 
 1 Mikkel Boedker           Patric Hornqvist         60     1   2  2  
 2 Bryan Little             Paul Stastny             40     1   2  2  

4 vs 4 Defense
   Defense                  Defense                  Time % Phy DF OF 
 1 Jack Johnson             Marc Staal               60     1   2  2  
 2 Erik Karlsson            Danny Richmond           40     1   2  2  

Last Minutes Offensive
   Center                   Left Wing                Right Wing               Defense                  Defense                  
   Bryan Little             Mikkel Boedker           Patric Hornqvist         Jack Johnson             Marc Staal               

Last Minutes Defensive
   Center                   Left Wing                Right Wing               Defense                  Defense                  
   Bryan Little             Mikkel Boedker           Patric Hornqvist         Jack Johnson             Marc Staal               

Goaltenders
Starting : Semyon Varlamov          
Backup : Mike Brodeur             

Extra Forwards
Normal : Matt Moulson, James Van Riemsdyk, Darren Reid - PP : Matt Moulson, James Van Riemsdyk - PK : Darren Reid
Extra Defensemen
Normal : Dmitry Kulikov, Mattias Ekholm, Erik Karlsson - PP : Dmitry Kulikov - PK : Mattias Ekholm, Erik Karlsson
Penalty Shots
Mikkel Boedker, Patric Hornqvist, Bryan Little, Paul Stastny, Evgeny Dadonov

Scratches
None

Canucks

5 vs 5 Forward 
   Center                   Left Wing                Right Wing               Time % Phy DF OF 
 1 Robert Nilsson           Andrei Kostitsyn         Nick Palmieri            40     1   2  2  
 2 Marc Savard              Loui Eriksson            Brad Boyes               30     1   2  2  
 3 Brandon Sutter           Jason Zucker             Jeremy Morin             20     1   2  2  
 4 Robert Nilsson           Brandon Saad             Jesper Fast              10     1   2  2  

5 vs 5 Defense 
   Defense                  Defense                                           Time % Phy DF OF 
 1 Jamie McBain             Drew Fata                                         40     1   2  2  
 2 Ben Lovejoy              Andy Rogers                                       30     1   2  2  
 3 Jonathan Blum            Jordie Benn                                       20     1   2  2  
 4 Jamie McBain             Drew Fata                                         10     1   2  2  

PowerPlay Forward 
   Center                   Left Wing                Right Wing               Time % Phy DF OF 
 1 Robert Nilsson           Andrei Kostitsyn         Nick Palmieri            60     1   2  2  
 2 Marc Savard              Loui Eriksson            Brad Boyes               40     1   2  2  

PowerPlay Defense
   Defense                  Defense                                           Time % Phy DF OF 
 1 Jamie McBain             Drew Fata                                         60     1   2  2  
 2 Ben Lovejoy              Andy Rogers                                       40     1   2  2  

Penalty Kill 4 Players Forward 
   Center                   Wing                     Time % Phy DF OF 
 1 Robert Nilsson           Nick Palmieri            60     1   2  2  
 2 Andrei Kostitsyn         Marc Savard              40     1   2  2  

Penalty Kill 4 Players Defense
   Defense                  Defense                  Time % Phy DF OF 
 1 Jamie McBain             Drew Fata                60     1   2  2  
 2 Ben Lovejoy              Andy Rogers              40     1   2  2  

Penalty Kill - 3 Players Forward 
   Forward                                           Time % Phy DF OF 
 1 Robert Nilsson                                    60     1   2  2  
 2 Nick Palmieri                                     40     1   2  2  

Penalty Kill - 3 Players Defense
   Defense                  Defense                  Time % Phy DF OF 
 1 Jamie McBain             Drew Fata                60     1   2  2  
 2 Ben Lovejoy              Andy Rogers              40     1   2  2  

4 vs 4 Forward 
   Center                   Wing                     Time % Phy DF OF 
 1 Robert Nilsson           Nick Palmieri            60     1   2  2  
 2 Andrei Kostitsyn         Marc Savard              40     1   2  2  

4 vs 4 Defense
   Defense                  Defense                  Time % Phy DF OF 
 1 Jamie McBain             Drew Fata                60     1   2  2  
 2 Ben Lovejoy              Andy Rogers              40     1   2  2  

Last Minutes Offensive
   Center                   Left Wing                Right Wing               Defense                  Defense                  
   Robert Nilsson           Andrei Kostitsyn         Nick Palmieri            Jamie McBain             Drew Fata                

Last Minutes Defensive
   Center                   Left Wing                Right Wing               Defense                  Defense                  
   Robert Nilsson           Andrei Kostitsyn         Nick Palmieri            Jamie McBain             Drew Fata                

Goaltenders
Starting : Jacob Markstrom          
Backup : Martin Jones             

Extra Forwards
Normal : Jack Skille, Brandon Sutter, Jeremy Morin - PP : Jack Skille, Brandon Sutter - PK : Jeremy Morin
Extra Defensemen
Normal : Jonathan Blum, Jordie Benn, Ben Lovejoy - PP : Jonathan Blum - PK : Jordie Benn, Ben Lovejoy
Penalty Shots
Robert Nilsson, Nick Palmieri, Andrei Kostitsyn, Marc Savard, Loui Eriksson

Scratches
Kurtis Foster (Bruised Left Shoulder Injury), Colton Gillies (Healthy)

% Time on Ice - Avalanche

Lines # - Real PCT - Wanted PCT - Time Play
Normal Forward
1 - 33% - 35% - 16:25
2 - 27% - 30% - 13:21
3 - 20% - 20% - 10:02
4 - 21% - 15% - 10:17
Normal Defense
1 - 35% - 35% - 17:29
2 - 35% - 35% - 17:32
3 - 30% - 30% - 15:04
4 - 0% - 0% - 0:00
PP Forward
1 - 54% - 60% - 1:04
2 - 46% - 40% - 0:55
PP Defense
1 - 51% - 60% - 1:01
2 - 49% - 40% - 0:58
PK Forward
1 - 73% - 60% - 5:48
2 - 27% - 40% - 2:08
PK Defense
1 - 61% - 60% - 4:50
2 - 39% - 40% - 3:06
PK3 Forward
1 - 0% - 60%
2 - 0% - 40%
PK3 Defense
1 - 0% - 60%
2 - 0% - 40%
44 Forward
1 - 0% - 60%
2 - 0% - 40%
44 Defense
1 - 0% - 60%
2 - 0% - 40%
Last Minute Offensive  - 0:00
Last Minute Defensive  - 0:00
Total
Forward - 60:00
Defense - 60:00

% Time on Ice - Canucks

Lines # - Real PCT - Wanted PCT - Time Play
Normal Forward
1 - 30% - 40% - 15:01
2 - 30% - 30% - 15:11
3 - 30% - 20% - 15:09
4 - 9% - 10% - 4:44
Normal Defense
1 - 39% - 40% - 19:26
2 - 33% - 30% - 16:22
3 - 23% - 20% - 11:31
4 - 6% - 10% - 2:46
PP Forward
1 - 57% - 60% - 4:32
2 - 43% - 40% - 3:24
PP Defense
1 - 47% - 60% - 3:44
2 - 53% - 40% - 4:12
PK Forward
1 - 100% - 60% - 1:59
2 - 0% - 40% - 0:00
PK Defense
1 - 61% - 60% - 1:13
2 - 39% - 40% - 0:46
PK3 Forward
1 - 0% - 60%
2 - 0% - 40%
PK3 Defense
1 - 0% - 60%
2 - 0% - 40%
44 Forward
1 - 0% - 60%
2 - 0% - 40%
44 Defense
1 - 0% - 60%
2 - 0% - 40%
Last Minute Offensive  - 0:00
Last Minute Defensive  - 0:00
Total
Forward - 60:00
Defense - 60:00

Play-by-Play

1st period


0:01 of 1st period - Robert Nilsson wins face-off versus Bryan Little in neutral zone.
0:08 of 1st period - Wrist shot by Jamie McBain.
0:08 of 1st period - Deflect By Mikkel Boedker.
0:08 of 1st period - Stopped by Semyon Varlamov with a rebound.
0:14 of 1st period - Wrist shot by Erik Karlsson.
0:14 of 1st period - Deflect By Drew Fata.
0:14 of 1st period - Stopped by Jacob Markstrom without a rebound.
0:15 of 1st period - Marc Savard wins face-off versus Paul Stastny in Canucks zone.
0:22 of 1st period - Marc Staal is hit by Loui Eriksson and loses puck.
0:43 of 1st period - Icing by Andy Rogers.
0:44 of 1st period - Brandon Sutter wins face-off versus Charlie Coyle in Canucks zone.
0:44 of 1st period - Brandon Sutter is hit by Andrew Ladd.
0:56 of 1st period - Danny Richmond is hit by Jason Zucker and loses puck.
1:36 of 1st period - Wrist shot by Brad Richardson.
1:36 of 1st period - Shot Misses the Net.
2:01 of 1st period - Minor Penalty to Andrew Ladd for Tripping.
2:02 of 1st period - Kyle Turris wins face-off versus Robert Nilsson in Avalanche zone.
2:28 of 1st period - Drew Fata is hit by James Van Riemsdyk and loses puck.
2:37 of 1st period - Wrist shot by Loui Eriksson.
2:37 of 1st period - Stopped by Semyon Varlamov without a rebound.
2:38 of 1st period - Kyle Turris wins face-off versus Robert Nilsson in Avalanche zone.
3:33 of 1st period - Drew Fata is hit by Jack Johnson and loses puck.
3:42 of 1st period - Jack Johnson is hit by Nick Palmieri and loses puck.
4:01 of 1st period - Penalty to Andrew Ladd is over, Andrew Ladd is back on ice.
4:11 of 1st period - Slapshot by Brandon Sutter.
4:11 of 1st period - Shot Hit the Post.
4:13 of 1st period - Slapshot by Jordie Benn.
4:13 of 1st period - Shot Blocked by Dmitry Kulikov.
4:15 of 1st period - Slapshot by Jeremy Morin.
4:15 of 1st period - Stopped by Semyon Varlamov with a rebound.
4:33 of 1st period - Slapshot by Andrew Ladd.
4:33 of 1st period - Deflect By Jonathan Blum.
4:33 of 1st period - Stopped by Jacob Markstrom without a rebound.
4:34 of 1st period - Marc Savard wins face-off versus Bryan Little in Canucks zone.
4:34 of 1st period - Marc Savard is hit by Evgeny Dadonov.
5:19 of 1st period - Ben Lovejoy is hit by Dmitry Kulikov and loses puck.
5:26 of 1st period - Snap shot by Jason Zucker.
5:26 of 1st period - Stopped by Semyon Varlamov with a rebound.
5:28 of 1st period - Snap shot by Brandon Sutter.
5:28 of 1st period - Shot Misses the Net.
5:30 of 1st period - Wrist shot by Brandon Sutter.
5:30 of 1st period - Deflect By Paul Stastny.
5:30 of 1st period - Stopped by Semyon Varlamov without a rebound.
5:31 of 1st period - Marc Savard wins face-off versus Mikkel Boedker in Avalanche zone.
6:32 of 1st period - Slapshot by James Van Riemsdyk.
6:32 of 1st period - Shot Blocked by Jamie McBain.
6:48 of 1st period - Slapshot by Marc Savard.
6:48 of 1st period - Goal by Marc Savard - Avalanche : 0 - Canucks : 1.
6:49 of 1st period - Paul Stastny wins face-off versus Robert Nilsson in neutral zone.
7:39 of 1st period - Snap shot by Matt Moulson.
7:39 of 1st period - Deflect By Darren Reid.
7:39 of 1st period - Shot Misses the Net.
7:39 of 1st period - Puck is out of play.
7:40 of 1st period - Kyle Turris wins face-off versus Robert Nilsson in Canucks zone.
7:45 of 1st period - Snap shot by Kyle Turris.
7:45 of 1st period - Shot Blocked by Robert Nilsson.
7:47 of 1st period - Slapshot by Mattias Ekholm.
7:47 of 1st period - Stopped by Jacob Markstrom without a rebound.
7:48 of 1st period - Robert Nilsson wins face-off versus Paul Stastny in Canucks zone.
7:48 of 1st period - Robert Nilsson is hit by Patric Hornqvist.
8:00 of 1st period - Snap shot by Robert Nilsson.
8:00 of 1st period - Stopped by Semyon Varlamov with a rebound.
8:02 of 1st period - Wrist shot by Andrei Kostitsyn.
8:02 of 1st period - Shot Blocked by James Van Riemsdyk.
8:04 of 1st period - Slapshot by Andy Rogers.
8:04 of 1st period - Stopped by Semyon Varlamov with a rebound.
8:06 of 1st period - Snap shot by Ben Lovejoy.
8:06 of 1st period - Deflect By Robert Nilsson.
8:06 of 1st period - Shot Blocked by Patric Hornqvist.
8:06 of 1st period - Puck is out of play.
8:07 of 1st period - Evgeny Dadonov wins face-off versus Loui Eriksson in Avalanche zone.
8:14 of 1st period - Snap shot by Mikkel Boedker.
8:14 of 1st period - Shot Blocked by Drew Fata.
8:16 of 1st period - Wrist shot by Mikkel Boedker.
8:16 of 1st period - Shot Misses the Net.
9:03 of 1st period - Off-side.
9:04 of 1st period - Robert Nilsson wins face-off versus Bryan Little in neutral zone.
9:07 of 1st period - Evgeny Dadonov is hit by Nick Palmieri and loses puck.
10:02 of 1st period - Wrist shot by Paul Stastny.
10:02 of 1st period - Goal by Paul Stastny - Avalanche : 1 - Canucks : 1.
10:03 of 1st period - Paul Stastny wins face-off versus Andrei Kostitsyn in neutral zone.
10:10 of 1st period - Slapshot by Patric Hornqvist.
10:10 of 1st period - Stopped by Jacob Markstrom without a rebound.
10:11 of 1st period - Robert Nilsson wins face-off versus Paul Stastny in Canucks zone.
10:30 of 1st period - Snap shot by James Van Riemsdyk.
10:30 of 1st period - Stopped by Jacob Markstrom without a rebound.
10:31 of 1st period - Marc Savard wins face-off versus Bryan Little in Canucks zone.
10:46 of 1st period - Wrist shot by Loui Eriksson.
10:46 of 1st period - Stopped by Semyon Varlamov with a rebound.
10:58 of 1st period - Nick Palmieri is hit by Patric Hornqvist and loses puck.
11:07 of 1st period - Snap shot by Patric Hornqvist.
11:07 of 1st period - Shot Blocked by Drew Fata.
11:09 of 1st period - Snap shot by Paul Stastny.
11:09 of 1st period - Stopped by Jacob Markstrom with a rebound.
11:23 of 1st period - Wrist shot by Andrew Ladd.
11:23 of 1st period - Stopped by Jacob Markstrom without a rebound.
11:24 of 1st period - Brandon Sutter wins face-off versus Charlie Coyle in Canucks zone.
11:35 of 1st period - Snap shot by Andrew Ladd.
11:35 of 1st period - Goal by Andrew Ladd - Avalanche : 2 - Canucks : 1.
11:36 of 1st period - Robert Nilsson wins face-off versus Bryan Little in neutral zone.
12:42 of 1st period - Jason Zucker is hit by Marc Staal and loses puck.
13:02 of 1st period - Darren Reid is hit by Jamie McBain.
13:10 of 1st period - Snap shot by Kyle Turris.
13:10 of 1st period - Shot Blocked by Jamie McBain.
14:02 of 1st period - Slapshot by Marc Staal.
14:02 of 1st period - Deflect By Darren Reid.
14:02 of 1st period - Stopped by Jacob Markstrom with a rebound.
14:12 of 1st period - Drew Fata is hit by Kyle Turris and loses puck.
15:06 of 1st period - Snap shot by Kyle Turris.
15:06 of 1st period - Shot Misses the Net.
15:20 of 1st period - Jamie McBain is hit by Darren Reid and loses puck.
15:33 of 1st period - Slapshot by Jamie McBain.
15:33 of 1st period - Deflect By Brandon Sutter.
15:33 of 1st period - Stopped by Semyon Varlamov without a rebound.
15:34 of 1st period - Bryan Little wins face-off versus Andrei Kostitsyn in Avalanche zone.
15:34 of 1st period - Bryan Little is hit by Robert Nilsson.
15:40 of 1st period - Wrist shot by Mikkel Boedker.
15:40 of 1st period - Shot Misses the Net.
16:00 of 1st period - Loui Eriksson is hit by Patric Hornqvist and loses puck.
17:05 of 1st period - Patric Hornqvist is hit by Jonathan Blum and loses puck.
17:16 of 1st period - Minor Penalty to James Van Riemsdyk for Holding.
17:17 of 1st period - Robert Nilsson wins face-off versus Charlie Coyle in Avalanche zone.
17:20 of 1st period - Snap shot by Robert Nilsson.
17:20 of 1st period - Stopped by Semyon Varlamov with a rebound.
17:22 of 1st period - Slapshot by Andy Rogers.
17:22 of 1st period - Deflect By Robert Nilsson.
17:22 of 1st period - Shot Misses the Net.
17:22 of 1st period - Puck is out of play.
17:23 of 1st period - Robert Nilsson wins face-off versus Charlie Coyle in Avalanche zone.
17:36 of 1st period - Slapshot by Robert Nilsson.
17:36 of 1st period - Stopped by Semyon Varlamov without a rebound.
17:37 of 1st period - Robert Nilsson wins face-off versus Charlie Coyle in Avalanche zone.
18:07 of 1st period - Icing by Brad Boyes.
18:08 of 1st period - Marc Savard wins face-off versus Charlie Coyle in Canucks zone.
18:27 of 1st period - Slapshot by Andy Rogers.
18:27 of 1st period - Stopped by Semyon Varlamov with a rebound.
18:29 of 1st period - Slapshot by Nick Palmieri.
18:29 of 1st period - Shot Misses the Net.
18:31 of 1st period - Snap shot by Robert Nilsson.
18:31 of 1st period - Shot Blocked by Dmitry Kulikov.
19:01 of 1st period - Jack Johnson is hit by Jamie McBain and loses puck.
19:16 of 1st period - Penalty to James Van Riemsdyk is over, James Van Riemsdyk is back on ice.
19:36 of 1st period - Snap shot by Mikkel Boedker.
19:36 of 1st period - Shot Blocked by Jeremy Morin.
19:38 of 1st period - Slapshot by Marc Staal.
19:38 of 1st period - Stopped by Jacob Markstrom without a rebound.
19:39 of 1st period - Brandon Sutter wins face-off versus Bryan Little in Canucks zone.
19:48 of 1st period - Snap shot by Brandon Sutter.
19:48 of 1st period - Shot Blocked by Mattias Ekholm.
19:54 of 1st period - Snap shot by Mikkel Boedker.
19:54 of 1st period - Shot Misses the Net.
Goals for this period are 2 for Avalanche vs 1 for Canucks.
Shots for this period are 11 for Avalanche vs 13 for Canucks.

2nd period


0:01 of 2nd period - Bryan Little wins face-off versus Robert Nilsson in neutral zone.
0:14 of 2nd period - Snap shot by Robert Nilsson.
0:14 of 2nd period - Stopped by Semyon Varlamov without a rebound.
0:15 of 2nd period - Marc Savard wins face-off versus Paul Stastny in Avalanche zone.
0:47 of 2nd period - Slapshot by Bryan Little.
0:47 of 2nd period - Shot Blocked by Andy Rogers.
1:24 of 2nd period - Jack Johnson is hit by Loui Eriksson and loses puck.
2:58 of 2nd period - Icing by Marc Staal.
2:59 of 2nd period - Kyle Turris wins face-off versus Marc Savard in Avalanche zone.
4:04 of 2nd period - Slapshot by Marc Staal.
4:04 of 2nd period - Shot Misses the Net.
4:41 of 2nd period - Off-side.
4:42 of 2nd period - Brandon Sutter wins face-off versus Kyle Turris in neutral zone.
5:47 of 2nd period - Slapshot by Nick Palmieri.
5:47 of 2nd period - Stopped by Semyon Varlamov without a rebound.
5:48 of 2nd period - Bryan Little wins face-off versus Marc Savard in Avalanche zone.
6:15 of 2nd period - Evgeny Dadonov is hit by Jason Zucker.
7:02 of 2nd period - Slapshot by Marc Staal.
7:02 of 2nd period - Deflect By Nick Palmieri.
7:02 of 2nd period - Stopped by Jacob Markstrom with a rebound.
7:06 of 2nd period - Slapshot by Patric Hornqvist.
7:06 of 2nd period - Stopped by Jacob Markstrom with a rebound.
7:18 of 2nd period - Wrist shot by Jamie McBain.
7:18 of 2nd period - Shot Misses the Net.
7:32 of 2nd period - Erik Karlsson is hit by Marc Savard and loses puck.
7:40 of 2nd period - Icing by Jack Johnson.
7:41 of 2nd period - Robert Nilsson wins face-off versus Charlie Coyle in Avalanche zone.
7:42 of 2nd period - Snap shot by Jesper Fast.
7:42 of 2nd period - Shot Misses the Net.
7:58 of 2nd period - Slapshot by Jeremy Morin.
7:58 of 2nd period - Stopped by Semyon Varlamov without a rebound.
7:59 of 2nd period - Paul Stastny wins face-off versus Robert Nilsson in Avalanche zone.
8:54 of 2nd period - Backhand shot by Matt Moulson.
8:54 of 2nd period - Stopped by Jacob Markstrom without a rebound.
8:55 of 2nd period - Kyle Turris wins face-off versus Andrei Kostitsyn in Canucks zone.
9:06 of 2nd period - Slapshot by Jamie McBain.
9:06 of 2nd period - Stopped by Semyon Varlamov with a rebound.
10:09 of 2nd period - Slapshot by Jamie McBain.
10:09 of 2nd period - Deflect By Brad Boyes.
10:09 of 2nd period - Stopped by Semyon Varlamov with a rebound.
10:11 of 2nd period - Wrist shot by Brad Boyes.
10:11 of 2nd period - Shot Misses the Net.
10:13 of 2nd period - Snap shot by Jamie McBain.
10:13 of 2nd period - Deflect By Loui Eriksson.
10:13 of 2nd period - Stopped by Semyon Varlamov without a rebound.
10:14 of 2nd period - Robert Nilsson wins face-off versus Paul Stastny in Avalanche zone.
10:43 of 2nd period - Slapshot by Andy Rogers.
10:43 of 2nd period - Shot Hit the Post.
10:45 of 2nd period - Backhand shot by Jeremy Morin.
10:45 of 2nd period - Stopped by Semyon Varlamov with a rebound.
10:47 of 2nd period - Slapshot by Jason Zucker.
10:47 of 2nd period - Stopped by Semyon Varlamov without a rebound.
10:48 of 2nd period - Bryan Little wins face-off versus Robert Nilsson in Avalanche zone.
10:50 of 2nd period - Minor Penalty to Bryan Little for High sticking.
10:51 of 2nd period - Robert Nilsson wins face-off versus Charlie Coyle in Avalanche zone.
10:57 of 2nd period - Snap shot by Robert Nilsson.
10:57 of 2nd period - Shot Misses the Net.
10:59 of 2nd period - Slapshot by Robert Nilsson.
10:59 of 2nd period - Stopped by Semyon Varlamov with a rebound.
11:58 of 2nd period - Icing by Robert Nilsson.
11:59 of 2nd period - Charlie Coyle wins face-off versus Nick Palmieri in Canucks zone.
12:50 of 2nd period - Penalty to Bryan Little is over, Bryan Little is back on ice.
14:05 of 2nd period - Slapshot by Mattias Ekholm.
14:05 of 2nd period - Stopped by Jacob Markstrom without a rebound.
14:06 of 2nd period - Charlie Coyle wins face-off versus Marc Savard in Canucks zone.
14:19 of 2nd period - Snap shot by Brad Boyes.
14:19 of 2nd period - Shot Misses the Net.
14:21 of 2nd period - Slapshot by Andy Rogers.
14:21 of 2nd period - Shot Misses the Net.
14:23 of 2nd period - Wrist shot by Loui Eriksson.
14:23 of 2nd period - Stopped by Semyon Varlamov without a rebound.
14:24 of 2nd period - Robert Nilsson wins face-off versus Bryan Little in Avalanche zone.
15:13 of 2nd period - Slapshot by Jamie McBain.
15:13 of 2nd period - Stopped by Semyon Varlamov without a rebound.
15:14 of 2nd period - Brad Richardson wins face-off versus Brandon Sutter in Avalanche zone.
16:07 of 2nd period - Slapshot by Mikkel Boedker.
16:07 of 2nd period - Stopped by Jacob Markstrom with a rebound.
17:42 of 2nd period - Snap shot by Loui Eriksson.
17:42 of 2nd period - Stopped by Semyon Varlamov with a rebound.
17:50 of 2nd period - Jonathan Blum is hit by Brad Richardson and loses puck.
18:03 of 2nd period - Snap shot by Patric Hornqvist.
18:03 of 2nd period - Shot Blocked by Jason Zucker.
18:05 of 2nd period - Slapshot by Paul Stastny.
18:05 of 2nd period - Stopped by Jacob Markstrom without a rebound.
18:06 of 2nd period - Bryan Little wins face-off versus Brandon Sutter in Canucks zone.
18:09 of 2nd period - Snap shot by Mikkel Boedker.
18:09 of 2nd period - Stopped by Jacob Markstrom with a rebound.
18:11 of 2nd period - Slapshot by Erik Karlsson.
18:11 of 2nd period - Shot Blocked by Jamie McBain.
18:13 of 2nd period - Slapshot by Jack Johnson.
18:13 of 2nd period - Stopped by Jacob Markstrom without a rebound.
18:14 of 2nd period - Robert Nilsson wins face-off versus Bryan Little in Canucks zone.
18:52 of 2nd period - Slapshot by Dmitry Kulikov.
18:52 of 2nd period - Shot Misses the Net.
19:25 of 2nd period - Snap shot by Darren Reid.
19:25 of 2nd period - Stopped by Jacob Markstrom without a rebound.
19:26 of 2nd period - Robert Nilsson wins face-off versus Bryan Little in Canucks zone.
19:26 of 2nd period - Robert Nilsson is hit by Mikkel Boedker.
19:41 of 2nd period - Snap shot by Andrei Kostitsyn.
19:41 of 2nd period - Shot Misses the Net.
19:43 of 2nd period - Wrist shot by Robert Nilsson.
19:43 of 2nd period - Shot Blocked by Mattias Ekholm.
19:53 of 2nd period - Loui Eriksson is hit by Danny Richmond and loses puck.
Goals for this period are 0 for Avalanche vs 0 for Canucks.
Shots for this period are 9 for Avalanche vs 12 for Canucks.

3rd period


0:01 of 3rd period - Robert Nilsson wins face-off versus Paul Stastny in neutral zone.
0:38 of 3rd period - Slapshot by Mikkel Boedker.
0:38 of 3rd period - Shot Blocked by Andy Rogers.
0:50 of 3rd period - Brandon Sutter is hit by Erik Karlsson.
1:02 of 3rd period - Snap shot by Jeremy Morin.
1:02 of 3rd period - Stopped by Semyon Varlamov with a rebound.
2:04 of 3rd period - Mikkel Boedker is hit by Brandon Sutter and loses puck.
2:43 of 3rd period - Wrist shot by Brad Boyes.
2:43 of 3rd period - Stopped by Semyon Varlamov with a rebound.
3:13 of 3rd period - Mattias Ekholm is hit by Drew Fata and loses puck.
3:34 of 3rd period - Snap shot by Loui Eriksson.
3:34 of 3rd period - Shot Misses the Net.
3:39 of 3rd period - Off-side.
3:40 of 3rd period - Jack Skille wins face-off versus Bryan Little in neutral zone.
3:43 of 3rd period - Bryan Little is hit by Nick Palmieri and loses puck.
3:54 of 3rd period - Slapshot by Nick Palmieri.
3:54 of 3rd period - Stopped by Semyon Varlamov with a rebound.
3:56 of 3rd period - Slapshot by Ben Lovejoy.
3:56 of 3rd period - Stopped by Semyon Varlamov without a rebound.
3:57 of 3rd period - Marc Savard wins face-off versus Paul Stastny in Avalanche zone.
4:18 of 3rd period - Ben Lovejoy is hit by Patric Hornqvist and loses puck.
4:55 of 3rd period - Jason Zucker is hit by Brad Richardson and loses puck.
5:16 of 3rd period - Charlie Coyle is hit by Drew Fata and loses puck.
5:45 of 3rd period - Charlie Coyle is hit by Brandon Sutter and loses puck.
5:50 of 3rd period - Slapshot by Brandon Sutter.
5:50 of 3rd period - Shot Misses the Net.
6:14 of 3rd period - Bryan Little is hit by Loui Eriksson and loses puck.
6:26 of 3rd period - Off-side.
6:27 of 3rd period - Kyle Turris wins face-off versus Robert Nilsson in neutral zone.
7:10 of 3rd period - Brad Boyes is hit by Patric Hornqvist and loses puck.
7:17 of 3rd period - Snap shot by Patric Hornqvist.
7:17 of 3rd period - Stopped by Jacob Markstrom with a rebound.
7:19 of 3rd period - Snap shot by James Van Riemsdyk.
7:19 of 3rd period - Goal by James Van Riemsdyk - Avalanche : 3 - Canucks : 1.
7:20 of 3rd period - Robert Nilsson wins face-off versus James Van Riemsdyk in neutral zone.
7:25 of 3rd period - Snap shot by Andrei Kostitsyn.
7:25 of 3rd period - Stopped by Semyon Varlamov with a rebound.
7:27 of 3rd period - Snap shot by Nick Palmieri.
7:27 of 3rd period - Stopped by Semyon Varlamov without a rebound.
7:28 of 3rd period - Paul Stastny wins face-off versus Robert Nilsson in Avalanche zone.
7:42 of 3rd period - Wrist shot by Jamie McBain.
7:42 of 3rd period - Deflect By James Van Riemsdyk.
7:42 of 3rd period - Stopped by Semyon Varlamov with a rebound.
7:44 of 3rd period - Slapshot by Drew Fata.
7:44 of 3rd period - Shot Blocked by Dmitry Kulikov.
7:46 of 3rd period - Snap shot by Robert Nilsson.
7:46 of 3rd period - Stopped by Semyon Varlamov without a rebound.
7:47 of 3rd period - Marc Savard wins face-off versus Evgeny Dadonov in Avalanche zone.
7:48 of 3rd period - Snap shot by Brad Boyes.
7:48 of 3rd period - Shot Blocked by Mattias Ekholm.
7:50 of 3rd period - Snap shot by Loui Eriksson.
7:50 of 3rd period - Stopped by Semyon Varlamov without a rebound.
7:51 of 3rd period - Brad Boyes wins face-off versus Bryan Little in Avalanche zone.
8:00 of 3rd period - Evgeny Dadonov is hit by Loui Eriksson and loses puck.
8:15 of 3rd period - Brad Boyes is hit by Evgeny Dadonov and loses puck.
8:46 of 3rd period - Snap shot by Loui Eriksson.
8:46 of 3rd period - Shot Misses the Net.
8:48 of 3rd period - Slapshot by Andy Rogers.
8:48 of 3rd period - Shot Misses the Net.
9:12 of 3rd period - Wrist shot by Bryan Little.
9:12 of 3rd period - Shot Blocked by Andy Rogers.
9:22 of 3rd period - Marc Savard is hit by Danny Richmond and loses puck.
9:31 of 3rd period - Slapshot by Danny Richmond.
9:31 of 3rd period - Stopped by Jacob Markstrom without a rebound.
9:32 of 3rd period - Paul Stastny wins face-off versus Robert Nilsson in Canucks zone.
9:37 of 3rd period - Slapshot by Patric Hornqvist.
9:37 of 3rd period - Shot Misses the Net.
9:43 of 3rd period - Slapshot by Jamie McBain.
9:43 of 3rd period - Shot Misses the Net.
9:45 of 3rd period - Slapshot by Jamie McBain.
9:45 of 3rd period - Stopped by Semyon Varlamov with a rebound.
9:47 of 3rd period - Snap shot by Robert Nilsson.
9:47 of 3rd period - Stopped by Semyon Varlamov without a rebound.
9:48 of 3rd period - Charlie Coyle wins face-off versus Robert Nilsson in Avalanche zone.
9:53 of 3rd period - Slapshot by Dmitry Kulikov.
9:53 of 3rd period - Deflect By Andrew Ladd.
9:53 of 3rd period - Stopped by Jacob Markstrom with a rebound.
10:15 of 3rd period - Jeremy Morin is hit by James Van Riemsdyk and loses puck.
12:08 of 3rd period - Mikkel Boedker is hit by Jordie Benn and loses puck.
12:30 of 3rd period - Andy Rogers is hit by Danny Richmond and loses puck.
12:41 of 3rd period - Erik Karlsson is hit by Nick Palmieri and loses puck.
12:52 of 3rd period - Snap shot by Jamie McBain.
12:52 of 3rd period - Deflect By Loui Eriksson.
12:52 of 3rd period - Shot Misses the Net.
12:52 of 3rd period - Puck is out of play.
12:53 of 3rd period - Kyle Turris wins face-off versus Marc Savard in Avalanche zone.
12:55 of 3rd period - Minor Penalty to Mattias Ekholm for Charging.
12:56 of 3rd period - Charlie Coyle wins face-off versus Robert Nilsson in Avalanche zone.
13:06 of 3rd period - Slapshot by Jamie McBain.
13:06 of 3rd period - Deflect By Robert Nilsson.
13:06 of 3rd period - Shot Misses the Net.
13:06 of 3rd period - Puck is out of play.
13:07 of 3rd period - Andrew Ladd wins face-off versus Robert Nilsson in Avalanche zone.
13:42 of 3rd period - Wrist shot by Kyle Turris.
13:42 of 3rd period - Stopped by Jacob Markstrom without a rebound.
13:43 of 3rd period - Marc Savard wins face-off versus Kyle Turris in Canucks zone.
14:55 of 3rd period - Penalty to Mattias Ekholm is over, Mattias Ekholm is back on ice.
15:02 of 3rd period - Charlie Coyle is hit by Jeremy Morin and loses puck.
15:03 of 3rd period - Charlie Coyle from Avalanche is injured at 15:03 of 3rd period (Bruised Right Arm).
15:04 of 3rd period - Robert Nilsson wins face-off versus Matt Moulson in Avalanche zone.
15:04 of 3rd period - Robert Nilsson is hit by Dmitry Kulikov.
15:58 of 3rd period - Slapshot by Jeremy Morin.
15:58 of 3rd period - Stopped by Semyon Varlamov with a rebound.
16:26 of 3rd period - Snap shot by Brad Richardson.
16:26 of 3rd period - Stopped by Jacob Markstrom with a rebound.
17:30 of 3rd period - Minor Penalty to Robert Nilsson for Holding Stick.
17:31 of 3rd period - Jeremy Morin wins face-off versus Bryan Little in Canucks zone.
17:40 of 3rd period - Snap shot by Nick Palmieri.
17:40 of 3rd period - Stopped by Semyon Varlamov with a rebound.
18:23 of 3rd period - Slapshot by Ben Lovejoy.
18:23 of 3rd period - Stopped by Semyon Varlamov with a rebound.
19:30 of 3rd period - Penalty to Robert Nilsson is over, Robert Nilsson is back on ice.
Goals for this period are 1 for Avalanche vs 0 for Canucks.
Shots for this period are 6 for Avalanche vs 14 for Canucks.